 Dungeon Crawl Stone Soup version 0.29.1-12-g30fa7ad0bf (webtiles) character file.

Game seed: 2501177078467924154

1634 MisterFreud the Nimble (level 8, -3/36 (38) HPs)
             Began as a Felid Berserker on Jan 15, 2023.
             Was an Elder of Trog.
             Slain by a wight
             ... wielding a +4 scimitar
              (14 damage)
             ... on level 8 of the Dungeon.
             The game lasted 00:09:29 (10553 turns).

MisterFreud the Nimble (Felid Berserker)           Turns: 10553, Time: 00:09:30

HP:   -3/36 (38)    AC:  2    Str: 13    XL:     8   Next: 66%
MP:   9/9           EV: 29    Int:  8    God:    Trog [****..]
Gold: 369           SH:  0    Dex: 18    Spells: 7/7 levels left
                                        Lives: 0   Deaths: 2

rFire   . . .      SeeInvis +     - Unarmed
rCold   . . .      Faith    +   (shield unavailable)
rNeg    . . .      Spirit   .   (body armour unavailable)
rPois   .          Reflect  .   (helmet unavailable)
rElec   .          Harm     .   (cloak unavailable)
rCorr   .          Rampage  .   (gloves unavailable)
Will    +....                   (boots unavailable)
Stlth   ++++......              m - amulet of faith
HPRegen 0.12/turn               o - +4 ring of evasion
MPRegen 0.11/turn               (no ring)

@: drained, quick
A: very small, claws 1, fangs 3, see invisible, speed 1, shaggy fur 2, stealthy
paws, no weapons or thrown items, no armour, multi-lived
a: Renounce Religion, Berserk, Trog's Hand, Brothers in Arms


You were on level 8 of the Dungeon.
You worshipped Trog.
Trog was greatly pleased with you.
You visited 1 branch of the dungeon, and saw 8 of its levels.
You also visited: Sewer.

You collected 369 gold pieces.

Inventory:

Jewellery
 m - an amulet of faith (around neck)
 o - a +4 ring of evasion (left paw)
 t - an amulet of magic regeneration
 u - the ring of the Saviour {Fire rPois Int-3 Dex+7}
   (You found it on level 6 of the Dungeon)

   [ring of fire]

   It enhances your fire magic.
   Int:       It affects your intelligence (-3).
   Dex:       It affects your dexterity (+7).
   rF:        It protects you from fire.
   rC:        It makes you vulnerable to cold.
   rPois:     It protects you from poison.
Wands
 v - a wand of polymorph (11)
Scrolls
 c - 2 scrolls of fear
 e - 2 scrolls of blinking
 l - a scroll of silence
 q - a scroll of noise {unknown}
 r - 3 scrolls of butterflies
 w - 2 scrolls of identify
 x - a scroll of teleportation
 y - a scroll of summoning {unknown}
Potions
 a - 2 potions of resistance
 b - 9 potions of curing
 d - a potion of might
 f - a potion of invisibility {unknown}
 g - a potion of berserk rage {unknown}
 h - 3 potions of lignification
 i - a potion of magic {unknown}
 j - 3 potions of haste
 k - 3 potions of attraction {unknown}
 n - 2 potions of flight {unknown}
 p - a potion of brilliance {unknown}
 s - 2 potions of mutation {unknown}


   Skills:
 - Level 6.0 Fighting
 + Level 11.1 Dodging
 + Level 8.2 Stealth
 + Level 7.1 Unarmed Combat
 - Level 5.0 Evocations


You had 7 spell levels left.
You didn't know any spells.
Your spell library was empty.

Dungeon Overview and Level Annotations

Branches:
Dungeon (8/15)             Temple (0/1) D:7           Sewer (visited)
   Lair: D:8-11

Altars:
Ashenzari
Fedhas
Hepliaklqana
Nemelex Xobeh
Wu Jian

Shops:
D:5 =


Innate Abilities, Weirdness & Mutations

You have sharp claws.
You have razor-sharp teeth.
You have supernaturally acute eyesight. (SInv)
You cover ground quickly. (Speed+)
You are covered in thick fur. (AC +2)
Your paws help you pounce on unaware monsters.
You are incapable of wielding weapons or throwing items.
You cannot wear armour.
You gain extra lives every three experience levels.


Message History

You see here a +0 shortbow.
Found a stone staircase leading down.
No target in view!
A wight comes into view. It is wielding a +4 scimitar.
A wight comes into view.
It is wielding a +3 dire flail of freezing.
There are monsters nearby!
There are monsters nearby!
A wight comes into view. It is wielding a +0 falchion.
Found a helmet.
A wight comes into view. It is wielding a +2 mace of freezing.
There are monsters nearby!
The wight completely misses you.
You scratch the wight.
The wight is lightly damaged.
The wight misses you.
You scratch the wight. Your claw misses the wight.
The wight is moderately damaged.
The wight completely misses you.
You scratch the wight.
The wight is heavily damaged.
The wight closely misses you.
You closely miss the wight.
The wight is heavily damaged.
The wight barely misses you.
You scratch the wight.
The wight is heavily damaged.
You barely miss the wight. Your bite misses the wight.
The wight is heavily damaged.
The wight hits you with a +4 scimitar!
You scratch the wight.
The wight is severely damaged.
The wight barely misses you.
You scratch the wight but do no damage. You bite the wight.
The wight is almost destroyed.
The wight hits you with a +4 scimitar!
You feel drained.
You are too injured to fight recklessly!
You closely miss the wight. Your bite misses the wight.
The wight is almost destroyed.
The wight hits you with a +4 scimitar!
You die...

#.# #...####..##..
#.# #...# ##.....
#.# #...### ###...
#.# #.....####....
#.##
###.#.##......
#..# #.#.##.##.##
##.# #....#.##.#
#.# ##........##
#@######......(...
#z#......#.....###
#z#............#
#z#...?.####....#
#z####### ......#
###.###### ###....
#........# ....
#.>......# ....
#.......[..# ..


You could see 4 wights.

Vanquished Creatures
  Sigmund (D:2)
  A steam dragon (D:7)
  3 water moccasins (D:7)
  A sky beast (D:7)
  An orc warrior (D:7)
  3 centaurs (D:8)
  3 phantoms (D:5)
  4 kobold brigands
  2 bullfrogs
  2 scorpions (D:5)
  15 wights
  3 killer bees (D:7)
  2 hounds (D:5)
  2 jellies
  2 orc wizards
  4 iguanas
  Terence (D:2)
  13 adders
  3 river rats (Sewer)
  2 white imps (D:7)
  5 dart slugs
  22 orcs
  7 endoplasms
  A giant cockroach (D:1)
  8 goblins
  8 hobgoblins
  4 jackals (Sewer)
  7 quokkas
  14 ball pythons
  5 bats
  2 frilled lizards (Sewer)
  20 kobolds
  6 rats
177 creatures vanquished.

Vanquished Creatures (others)
  15 plants (Sewer)
15 creatures vanquished.

Grand Total: 192 creatures vanquished

Notes
Turn   | Place    | Note
-------+----------+-------------------------------------------
     0 | D:1      | MisterFreud the Felid Berserker began the quest for the
                  | Orb.
     0 | D:1      | Reached XP level 1. HP: 10/10 MP: 2/2
    45 | D:1      | Reached skill level 1 in Stealth
    67 | D:1      | Reached XP level 2. HP: 12/14 MP: 3/3
   966 | D:1      | Reached XP level 3. HP: 17/17 MP: 4/4
  1464 | D:1      | Reached ** piety under Trog
  2106 | D:2      | Reached XP level 4. HP: 21/21 MP: 5/5
  2299 | D:2      | Noticed Terence
  2303 | D:2      | Killed Terence
  2315 | D:2      | Noticed Sigmund
  2321 | D:2      | Killed Sigmund
  2322 | D:2      | Reached skill level 5 in Stealth
  2322 | D:2      | Reached skill level 5 in Unarmed Combat
  2322 | D:2      | Reached XP level 5. HP: 24/24 MP: 6/6
  2468 | D:3      | Gained mutation: You are covered in thick fur. (AC +2)
                  | [Felid growth]
  2468 | D:3      | Reached XP level 6. HP: 28/28 MP: 7/7
  3280 | D:4      | Reached *** piety under Trog
  3422 | D:4      | Found a sparkling altar of Nemelex Xobeh.
  3561 | D:4      | Found an ornate altar of the Wu Jian Council.
  3647 | D:4      | Found a blossoming altar of Fedhas.
  4138 | D:5      | Entered Level 5 of the Dungeon
  4147 | D:5      | Found a broken altar of Ashenzari.
  4326 | D:5      | Found Boskit's Jewellery Shoppe.
  4520 | D:5      | Reached skill level 5 in Dodging
  4520 | D:5      | Reached XP level 7. HP: 31/31 MP: 8/8
  4554 | D:5      | Reached skill level 6 in Dodging
  4773 | D:5      | Found a glowing drain.
  4784 | Sewer    | Entered a sewer
  5092 | Sewer    | Reached skill level 7 in Dodging
  5257 | Sewer    | Reached skill level 8 in Dodging
  5494 | Sewer    | Reached **** piety under Trog
  6127 | D:5      | Reached skill level 9 in Dodging
  6127 | D:5      | Reached XP level 8. HP: 20/34 MP: 9/9
  6754 | D:6      | Reached skill level 10 in Dodging
  7271 | D:6      | Reached skill level 1 in Evocations
  7613 | D:6      | Found a hazy altar of Hepliaklqana.
  7736 | D:6      | Identified the ring of the Saviour {Fire rPois Int-3 Dex+7}
  8347 | D:7      | Slain by a wight
  8348 | D:7      | Reached XP level 7. HP: -2/33 MP: 8/8
  8364 | D:7      | Reached skill level 5 in Fighting
  8446 | D:7      | Reached XP level 8. HP: 31/37 MP: 9/9
  8659 | D:7      | Reached skill level 5 in Evocations
  8825 | D:7      | Found a staircase to the Ecumenical Temple.
  9773 | D:8      | Shot with an arrow by a centaur
  9774 | D:8      | Reached XP level 7. HP: -4/34 MP: 8/8
  9787 | D:8      | Reached XP level 8. HP: 38/38 MP: 9/9
 10329 | D:8      | Reached skill level 11 in Dodging
 10553 | D:8      | Slain by a wight

Illustrated notes

Levels and vault maps discovered:
D:1:      lemuel_arrival_river_ford, layout_basic
D:2:      layout_rooms, uniq_terence, uniq_sigmund
D:3:      layout_loops_corners
D:4:      layout_basic, nemelex_spade_bored_becter,
          mainiacjoe_overflow_big_doors, dreamdust_princess_corridor
D:5:      layout_cave_pods, kennysheep_mini, portal_sewer_entry_d, serial_shops,
          shop
D:6:      layout_basic, nicolae_hepliaklqana_hazy_memory
D:7:      layout_loops_ring, minmay_temple_entry_antechambers
D:8:      layout_rooms

Skill      XL: |  1  2  3  4  5  6  7  8 |
---------------+-------------------------+-----
Stealth        | 1 2 3 5 6 7 8 |  8.2
Unarmed Combat | 4 5 6 7 |  7.1
Dodging        | 5 9 11 | 11.1
Evocations     | 4 5 |  5.0
Fighting       | 5 6 |  6.0

Action                   |  1- 3 |  4- 6 |  7- 9 || total
-------------------------+-------+-------+-------++-------
Melee: Unarmed           |   119 |    65 |   429 ||   613
       Bite              |     9 |     5 |    44 ||    58
       Punch             |     1 |     3 |     9 ||    13
Invok: Berserk           |     2 |       |    11 ||    13
       Trog's Hand       |       |       |     1 ||     1
  Use: Scroll            |     3 |    10 |     5 ||    18
 Stab: Sleeping          |     4 |    19 |    12 ||    35
       Distracted        |       |     1 |       ||     1
Armor: Skin              |     7 |     3 |    19 ||    29
Dodge: Dodged            |   114 |    33 |   428 ||   575
